AoeStats
← EonNFluttershy

MegaRandom

509835804Analyzed
2v2 RM · 5d ago on Sep 28, 2026· 52m 12s· 4 players
Game mode
Random Map
Map size
Medium (4 player)
Population
200
Speed
Normal
Resources
Standard
Victory
Conquest
Starting age
Dark Age
Ending age
Imperial Age
RankedLock teamsTeams togetherTeam positionsShared explorationLock speedFull tech treeHidden civsTurbo modeCheats
Victory
Defeat
🇲🇾 Saxons · Malaysia
984
+15
🇲🇾 Byzantines · Malaysia
976
+15
🇫🇮 Dravidians · Finland
1024
-18
🇹🇼 Turks · Taiwan
894
-12
EonNFluttershy
11:04 Feudal Age
12:12 Double-Bit Axe
16:17 Horse Collar
17:58 Fletching
23:53 Castle Age
22:42 Padded Archer Armor
31:02 Scale Mail Armor
30:58 Gambesons
37:54 Forging
38:34 Chain Mail Armor
39:38 Leather Archer Armor
41:46 Iron Casting
44:56 Wheelbarrow
44:06 Town Watch
44:25 Loom
46:52 Bow Saw
49:20 Imperial Age
49:29 Elite Varangian Guard
51:13 Squires
51:00 Arson
AceLiteZero
8:16 Loom
12:05 Feudal Age
12:54 Double-Bit Axe
17:30 Horse Collar
24:22 Castle Age
23:14 Forging
23:07 Scale Mail Armor
25:34 Heavy Plow
25:05 Light Cavalry
28:28 Iron Casting
28:11 Chain Mail Armor
29:09 Wheelbarrow
31:06 Hand Cart
34:49 Imperial Age
34:33 Husbandry
34:42 Scale Barding Armor
34:13 Pikeman
34:56 Hussar
37:53 Crop Rotation
39:33 Chain Barding Armor
41:39 Ballistics
45:58 Plate Mail Armor
46:03 Plate Barding Armor
46:02 Plate Mail Armor
44:57 Halberdier
45:39 Squires
46:39 Gold Mining
49:20 Murder Holes
英京塚大
5:25 Loom
10:27 Feudal Age
12:07 Arson
13:02 Man-at-Arms
15:32 Bloodlines
16:28 Scale Mail Armor
16:35 Scale Barding Armor
23:30 Double-Bit Axe
24:01 Town Watch
26:36 Forging
30:27 Castle Age
29:39 Fletching
31:52 Husbandry
36:03 Chain Barding Armor
40:30 Bow Saw
41:09 Iron Casting
40:30 Bodkin Arrow
Nubsteri
10:28 Feudal Age
12:47 Horse Collar
12:54 Double-Bit Axe
16:42 Castle Age
18:57 Fletching
25:12 Bow Saw
26:36 Ballistics
29:01 Padded Archer Armor
33:31 Bodkin Arrow
37:15 Thumb Ring
38:00 Scale Barding Armor
38:41 Heavy Plow
41:00 Gold Mining
43:51 Leather Archer Armor
43:56 Chain Barding Armor
44:54 Wheelbarrow
44:06 Loom
46:28 Husbandry
48:45 Medical Corps
52:49 Imperial Age
Connection lost

Rejoining the realm…

Still unreachable

The connection could not be restored.

Session expired

The server has moved on; the page needs a fresh start.